 Dungeon Crawl Stone Soup version 0.21-a0-584-g185da8e (webtiles) character file.

840 Gorglomux the Caller (level 8, -9/52 HPs)
             Began as a Formicid Summoner on Dec 20, 2017.
             Mangled by an orc warrior
             ... wielding a +3 battleaxe
              (26 damage)
             ... on level 5 of the Dungeon.
             The game lasted 00:21:45 (6714 turns).

Gorglomux the Caller (Formicid Summoner)            Turns: 6714, Time: 00:21:45

Health: -9/52      AC:  3    Str: 14    XL:     8   Next: 19%
Magic:  9/17       EV: 12    Int: 20    God:
Gold:   218        SH:  0    Dex: 11    Spells: 5/19 levels left

rFire    . . .     SeeInvis +   Q - +2 quarterstaff (protect)
rCold    . . .     Gourm    .   (no shield)
rNeg     . . .     Faith    .   a - +0 robe
rPois    .         Spirit   .   (helmet unavailable)
rElec    .         Reflect  .   M - +0 cloak
rCorr    .         Harm     .   (no gloves)
MR       .....                  (no boots)
Stlth    ++........             (no amulet)
HPRegen  0.17/turn              y - +5 ring of slaying
MPRegen  0.15/turn              D - +4 ring of intelligence

@: no status effects
A: permanent stasis, dig shafts and tunnels, four strong arms, antennae 3
a: Dig, Shaft Self


You were on level 5 of the Dungeon.
You were not hungry.

You visited 1 branch of the dungeon, and saw 5 of its levels.
You also visited: Ossuary.

You collected 218 gold pieces.

Inventory:

Hand Weapons
 g - a +0 dagger
 Q - a +2 quarterstaff of protection (weapon)
Armour
 a - a +0 robe (worn)
 M - a +0 cloak (worn)
Jewellery
 y - a +5 ring of slaying (left hand)
 D - a +4 ring of intelligence (right hand)
Wands
 I - a wand of iceblast (7)
Scrolls
 d - 5 scrolls of remove curse
 z - a scroll of enchant armour {unknown}
 A - 3 scrolls of blinking {unknown}
 F - 3 scrolls of immolation {unknown}
 R - 3 scrolls of identify
 S - a scroll of amnesia {unknown}
 V - a scroll of fear {unknown}
Potions
 C - a potion of heal wounds {unknown}
 G - a potion of mutation {unknown}
 J - a potion of haste {unknown}
 L - a potion of berserk rage {unknown}
 N - a potion of might {unknown}
 O - 2 potions of curing {unknown}
 T - a potion of invisibility {unknown}
Books
 b - a book of Callings

   Spells                             Type                      Level
   a - Summon Small Mammal            Summoning                    1
   b - Call Imp                       Summoning                    2
   c - Call Canine Familiar           Summoning                    3
   d - Summon Guardian Golem          Hexes/Summoning              3
   e - Summon Lightning Spire         Summoning/Air                4
   f - Summon Ice Beast               Ice/Summoning                4
 W - a book of Minor Magic

   Spells                             Type                      Level
   a - Magic Dart                     Conjuration                  1
   b - Blink                          Translocation                2
   c - Call Imp                       Summoning                    2
   d - Slow                           Hexes                        2
   e - Conjure Flame                  Conjuration/Fire             3
   f - Mephitic Cloud                 Conjuration/Poison/Air       3
Comestibles
 c - 13 rations
 X - a chunk of flesh


   Skills:
 - Level 1.7 Dodging
 - Level 2.4 Stealth
 + Level 6.3 Spellcasting
 + Level 7.2 Summonings
 + Level 1.0 Ice Magic
 + Level 0.8 Air Magic


You had 5 spell levels left.
You knew the following spells:

 Your Spells              Type           Power        Failure   Level  Hunger
a - Summon Small Mammal   Summ           ####         1%          1    None
b - Call Imp              Summ           #####...     1%          2    None
c - Call Canine Familiar  Summ           #####...     1%          3    ##.....
d - Summon Ice Beast      Ice/Summ       ###.....     19%         4    ####...
l - Summon Lightning Spi  Summ/Air       ###.....     19%         4    ####...


Dungeon Overview and Level Annotations

Branches:
Dungeon (5/15)
 Temple: D:4-7

Altars:
Elyvilon
Gozag
Sif Muna
Trog
Uskayaw
Vehumet
Yredelemnul


Innate Abilities, Weirdness & Mutations

You cannot be hasted, slowed, berserked, paralysed or teleported.
You can dig through walls and to a lower floor.
Your four strong arms can wield two-handed weapons with a shield.
You have a pair of large antennae on your head. (SInv)


Message History

Your hound barely misses the orc warrior!
The orc misses your shadow imp!
Your shadow imp hits the orc!
The orc dies!!!
Your crimson imp blinks!!!
Unknown command!
Your hound closely misses the orc warrior!
Your hound misses the orc warrior! You completely miss the orc warrior!
The orc warrior is moderately wounded!
Your hound barely misses the orc warrior!
The butt warrior hits butt with an enchanted BATTLEAXE!!!
The orc butt hits your hound with an enchanted BATTLEAXE!!!
Your hound bites the orc warrior but does no damage!
Unknown command!
Your hound barely misses the orc warrior!
Your hound bites the orc warrior but does butt damage!
Your crimson imp blinks!!!
The orc warrior hits you with an enchanted BATTLEAXE!!!!!!
DANG rip

#.....5....####+##.....#.####.
##<...##...#.........###'####o
#....##...#.........#.5.#.§..
#.<...#...#.........#...)....
#.....#...#.........#...#....
#.....#...#.........#...#....
#.....#...#.........#.§.#....
#.... #...#.).......#...#....
#...#.@oh.....#..†#....
#..5#....5...5###{#####
#...##'###.............
#........#....5........
#........#.............
#........#.............
#........#.......÷.....
##########.............
##############


You could see an orc warrior, a friendly hound and 2 friendly crimson imps.

Vanquished Creatures
  The ghost of Curus the Chopper, an amateur HOAK of Lugonu (D:4)
  A sky beast (D:4)
  A howler monkey (D:5)
  A hound (D:4)
  2 orc wizards (D:3)
  A centaur skeleton (D:3)
  2 worker ants (D:4)
  A worker ant zombie (D:5)
  Robin (D:2)
  4 adders
  2 gnolls (D:5)
  3 worms
  2 dart slugs (D:3)
  3 leopard geckos
  6 orcs
  A bat (D:2)
  3 giant cockroaches
  A gnoll zombie (Ossuary)
  6 goblins
  4 hobgoblins
  6 jackals
  8 kobolds
  A quokka (D:5)
  2 ball pythons
  2 frilled lizards
  4 rats
69 creatures vanquished.

Vanquished Creatures (collateral kills)
  Eustachio (D:5)
  An ogre (D:5)
  A hound (D:3)
  2 orc priests
  Ijyb (D:3)
  An orc wizard (D:4)
  A mummy (Ossuary)
  A gnoll (D:5)
  2 adders (D:2)
  An ooze (D:1)
  2 worms
  A leopard gecko (D:1)
  3 orcs
  A ball python (D:2)
  A giant cockroach (D:3)
  A gnoll zombie (Ossuary)
  8 goblins
  6 hobgoblins
  A jackal (D:1)
  2 bats
  2 kobolds (D:1)
  3 orc zombies (Ossuary)
  6 rats
49 creatures vanquished.

Vanquished Creatures (others)
  A worm (D:2)
  A hobgoblin (D:2)
2 creatures vanquished.

Grand Total: 120 creatures vanquished

Notes
Turn   | Place    | Note
-------+----------+-------------------------------------------
     0 | D:1      | Gorglomux the Formicid Summoner began the quest for the Orb.
     0 | D:1      | Reached XP level 1. HP: 13/13 MP: 3/3
   494 | D:1      | Reached XP level 2. HP: 8/19 MP: 0/5
   674 | D:1      | Learned a level 2 spell: Call Imp
  1365 | D:1      | Reached XP level 3. HP: 24/24 MP: 2/7
  1557 | D:1      | Reached skill level 3 in Spellcasting
  1990 | D:2      | Found a white marble altar of Elyvilon.
  2047 | D:2      | Found a basalt altar of Yredelemnul.
  2242 | D:2      | Reached XP level 4. HP: 24/30 MP: 5/8
  2406 | D:2      | Noticed Robin
  2439 | D:2      | Learned a level 3 spell: Call Canine Familiar
  2447 | D:2      | Killed Robin
  3021 | D:2      | Found a radiant altar of Vehumet.
  3384 | D:3      | Reached skill level 5 in Summonings
  3384 | D:3      | Reached XP level 5. HP: 26/35 MP: 10/10
  3625 | D:3      | Found an opulent altar of Gozag.
  3649 | D:3      | Noticed Ijyb
  3679 | D:3      | Killed Ijyb
  3965 | D:3      | Noticed a dagger
  3966 | D:3      | Noticed a hand axe
  3967 | D:3      | Found a hide-covered altar of Uskayaw.
  4132 | D:3      | Reached XP level 6. HP: 38/41 MP: 9/12
  4361 | D:3      | Found a deep blue altar of Sif Muna.
  4469 | D:3      | Found a bloodstained altar of Trog.
  4747 | D:4      | Reached skill level 6 in Summonings
  4991 | D:4      | Found a sand-covered staircase.
  5105 | Ossuary  | Entered an ossuary
  5114 | Ossuary  | Noticed vishdafish's ghost (novice FoFi)
  5132 | Ossuary  | Reached XP level 7. HP: 38/46 MP: 7/14
  5549 | D:4      | Noticed Curus's ghost (amateur HOAK)
  5567 | D:4      | Killed Curus's ghost
  6214 | D:5      | Entered Level 5 of the Dungeon
  6262 | D:5      | Noticed Eustachio
  6278 | D:5      | Killed Eustachio
  6278 | D:5      | Reached skill level 6 in Spellcasting
  6278 | D:5      | Reached skill level 7 in Summonings
  6278 | D:5      | Reached XP level 8. HP: 49/52 MP: 7/17
  6284 | D:5      | Learned a level 4 spell: Summon Lightning Spire
  6289 | D:5      | Learned a level 4 spell: Summon Ice Beast
  6581 | D:5      | Reached skill level 1 in Ice Magic
  6714 | D:5      | Mangled by an orc warrior

Vault maps used:
D:1:      scummos_arrival_star
D:2:      kennysheep_ying_yang, fiery_altar_vehumet, uniq_robin
D:3:      lightli_temple_of_fire, overflow_temple_1_default,
          dancing_weapons_uskayaw, first_ration, nicolae_gozag_seed_capital,
          uniq_ijyb
D:4:      enter_ossuary_5
D:5:      nicolae_overflow_crystal_walls, uniq_eustachio, uniq_sigmund
Ossuary:  ossuary_tomb_3

Skill      XL: |  1  2  3  4  5  6  7  8 |
---------------+-------------------------+-----
Spellcasting   | 3 4 5 6 |  6.3
Summonings     | 5 6 7 |  7.2
Ice Magic      | 1 |  1.0
Dodging        | |  1.7
Stealth        | |  2.4
Air Magic      | |  0.8

Action                   |  1- 3 |  4- 6 |  7- 9 || total
-------------------------+-------+-------+-------++-------
Melee: Unarmed           |    12 |       |       ||    12
       Dagger            |    66 |    98 |       ||   164
       Quarterstaff      |       |    26 |    54 ||    80
 Cast: Summon Small Mamm |    50 |     7 |       ||    57
       Call Imp          |     5 |    16 |    10 ||    31
       Call Canine Famil |       |    11 |     8 ||    19
 Abil: Dig               |       |     2 |       ||     2
  Use: Scroll            |       |       |     3 ||     3
 Stab: Sleeping          |     3 |     3 |     1 ||     7
       Distracted        |     1 |       |       ||     1
  Eat: Chunk             |     5 |    10 |     2 ||    17
       Ration            |       |       |     1 ||     1
Armor: Robe              |    15 |    26 |    23 ||    64
Dodge: Dodged            |    64 |    62 |    30 ||   156

Table legend:
 A = Spawn XP
 B = Non-spawn XP
 C = Spawn XP percentage of total XP
 D = Spawn monster count
 E = Non-spawn monster count
 F = Spawn count percentage of total count
 G = Total turns spent on level
                    A         B        C        D         E        F      G
               +---------+---------+-------+---------+---------+-------+---------
         Total |       0 |    1200 |   0.0 |       0 |     118 |   0.0 |  6714
               +---------+---------+-------+---------+---------+-------+---------
           D:1 |       0 |      39 |   0.0 |       0 |      29 |   0.0 |  1706
           D:2 |       0 |      70 |   0.0 |       0 |      32 |   0.0 |  1670
           D:3 |       0 |     247 |   0.0 |       0 |      26 |   0.0 |  1174
           D:4 |       0 |     471 |   0.0 |       0 |      13 |   0.0 |  1632
           D:5 |       0 |     359 |   0.0 |       0 |      12 |   0.0 |   500
       Ossuary |       0 |      14 |   0.0 |       0 |       6 |   0.0 |    32
               +---------+---------+-------+---------+---------+-------+---------
